AoeStats
← sarko

Arabia

507147043Analyzed
1v1 RM · 17d ago on Sep 16, 2026· 54m 31s· 2 players
Game mode
Random Map
Map size
Tiny (2 player)
Population
200
Speed
Normal
Resources
Standard
Victory
Conquest
Starting age
Dark Age
Ending age
Imperial Age
RankedLock teamsTeams togetherTeam positionsShared explorationLock speedFull tech treeHidden civsTurbo modeCheats
Victory
Defeat
🇵🇾 Gurjaras · Paraguay
1619
+15
🇦🇷 Sicilians · Argentina
1607
-15
sarko
5:54 Loom
8:51 Feudal Age
9:18 Double-Bit Axe
9:29 Double-Bit Axe
10:21 Horse Collar
19:06 Fletching
22:59 Castle Age
21:13 Gold Mining
22:22 Scale Barding Armor
23:14 Bloodlines
23:51 Bow Saw
27:01 Forging
27:43 Husbandry
29:35 Heavy Plow
30:03 Fervor
32:21 Stone Mining
33:37 Wheelbarrow
33:22 Squires
33:42 Pikeman
35:16 Iron Casting
35:20 Scale Mail Armor
37:37 Hand Cart
37:53 Chain Mail Armor
41:00 Imperial Age
42:18 Plate Mail Armor
41:12 Halberdier
42:17 Conscription
43:20 Blast Furnace
44:09 Light Cavalry
46:25 Chain Barding Armor
47:53 Plate Barding Armor
52:10 Masonry
fray
6:12 Loom
8:28 Feudal Age
9:31 Double-Bit Axe
19:25 Castle Age
19:47 Scale Barding Armor
19:53 Forging
19:25 Horse Collar
20:16 Bow Saw
20:50 Bloodlines
21:38 Husbandry
23:04 Heavy Plow
26:14 Iron Casting
28:08 Wheelbarrow
29:06 Chain Barding Armor
30:57 Hand Cart
35:38 Imperial Age
34:07 Devotion
35:04 Masonry
34:37 Treadmill Crane
35:07 Masonry
35:32 Town Watch
37:09 Plate Barding Armor
36:24 Heavy Camel Rider
37:41 Crop Rotation
38:46 Chemistry
38:33 Conscription
39:21 Illumination
41:24 Town Patrol
44:30 Light Cavalry
45:06 Hussar
49:21 Architecture
Connection lost

Rejoining the realm…

Still unreachable

The connection could not be restored.

Session expired

The server has moved on; the page needs a fresh start.